Map: Site Delta LE

Players

SubN

  • Race: Zerg Zerg
  • League: Diamond
  • Spawn Location: 11:00

McGrawHill - Winner!

  • Race: Protoss Protoss
  • League: Gold
  • Spawn Location: 5:00

VOD

Have the link to the VOD?

Description

Time

  • Played on: Dec. 26, 2023, 5:29 p.m.
  • Length: 2:32
Show
View Real Time Build Order
Export as new Build Order

SubN Zerg 

Build Orders: 3 Hatch before Pool 

Get SALT Encoding   

  12  0:00  Drone  
  13  0:12  Overlord  
  13  0:17  Drone  
  14  0:30  Drone x2  
  16  0:50  Hatchery  
  16  0:51  Drone  
  16  1:13  Hatchery  
  16  1:16  Drone  
  16  1:20  Drone  
  16  1:23  Drone  
  18  1:26  Extractor  
  17  1:39  Spawning Pool  
  16  1:42  Drone  
  17  2:08  Drone  
  17  2:09  Drone  
  17  2:10  Drone  
  20  2:28  Spine Crawler  
  19  2:31  Spine Crawler  
Show
View Real Time Build Order
Export as new Build Order

McGrawHill Protoss - Winner!

Build Orders:  

Get SALT Encoding   

  12  0:00  Probe  
  13  0:13  Probe  
  14  0:25  Probe  
  15  0:37  Pylon  
  15  0:55  Probe  
  16  0:57  Gateway  
  16  0:59  Gateway  
  16  1:02  Gateway  
  16  1:08  Probe  
  17  1:17  Gateway  
  17  1:33  Pylon  
  19  1:49  Zealot (Chrono Boost)  
  23  1:57  Zealot (Chrono Boost)  
  23  1:59  Zealot (Chrono Boost)  
  23  2:07  Zealot (Chrono Boost)  
Tags
 
Add a new tag
Caveats
  • Supply blocks, unpowered buildings, or Contaminate may cause inaccurate times.
  • Supply counts are checked every 10 seconds.